Map: Nightshade LE

Players

Avoš - Winner!

  • Race: Protoss Protoss
  • Spawn Location: 5:00

Semilian

  • Race: Terran Terran
  • League: Gold
  • Spawn Location: 11:00

VOD

Have the link to the VOD?

Description

Time

  • Played on: May 2, 2020, 3:43 p.m.
  • Length: 17:32
Show
View Real Time Build Order
Export as new Build Order

Avoš Protoss - Winner!

Build Orders: Double Forge 

Get SALT Encoding   

  12  0:02  Probe  
  14  0:14  Probe  
  14  0:18  Pylon  
  14  0:26  Probe  
  15  0:38  Probe  
  15  0:39  Gateway  
  16  0:49  Assimilator  
  16  0:50  Probe  
  17  1:02  Probe (Chrono Boost)  
  18  1:13  Probe (Chrono Boost)  
  18  1:18  Probe (Chrono Boost)  
  19  1:24  Assimilator  
  20  1:28  Cybernetics Core  
  20  1:29  Probe  
  21  1:34  Zealot (Chrono Boost)  
  23  1:47  Pylon  
  23  2:05  Probe, Warp Gate (Chrono Boost)  
  24  2:21  Gateway  
  24  2:24  Gateway  
  24  2:25  Probe  
  25  2:37  Probe  
  25  2:43  Nexus  
  26  2:51  Pylon  
  25  3:07  Stalker (Chrono Boost)  
  25  3:53  Assimilator  
  25  3:55  Assimilator  
  25  4:00  Stalker x3  
  31  4:06  Probe  
  31  4:07  Probe  
  33  4:19  Probe x2  
  33  4:23  Pylon  
  35  4:31  Probe x2  
  37  4:34  Forge  
  37  4:36  Forge  
  37  4:49  Zealot x2  
  37  4:50  Zealot  
  43  4:55  Pylon  
  43  5:03  Twilight Council  
  45  5:07  Probe (Chrono Boost)  
  45  5:08  Probe (Chrono Boost)  
  45  5:17  Probe x2 (Chrono Boost)  
  47  5:22  Probe x2 (Chrono Boost), Zealot  
  47  5:23  Zealot  
  53  5:29  Protoss Ground Armor Level 1 (Chrono Boost), Protoss Ground Weapons Level 1 (Chrono Boost)  
  53  5:53  Photon Cannon  
  53  5:56  Photon Cannon  
  53  5:58  Shield Battery  
  53  6:00  Probe x2  
  51  6:12  Probe x2  
  51  6:15  Charge (Chrono Boost)  
  53  6:25  Probe x2  
  55  6:37  Probe x2  
  55  6:38  Stalker  
  55  6:39  Stalker x2  
  63  6:49  Probe x2  
  65  7:00  Nexus  
  65  7:01  Probe  
  65  7:02  Probe  
  65  7:07  Pylon  
  67  7:10  Pylon  
  67  7:14  Probe x2  
  69  7:26  Probe x2  
  69  7:27  Protoss Ground Weapons Level 2 (Chrono Boost)  
  71  7:31  Protoss Shields Level 1 (Chrono Boost)  
  71  7:53  Robotics Facility  
  71  7:55  Robotics Facility  
  71  8:09  Zealot  
  71  8:10  Zealot x2  
  77  8:15  Assimilator  
  77  8:17  Assimilator  
  77  8:23  Gateway  
  77  8:26  Probe x3, Gateway  
  80  8:29  Gateway  
  80  8:34  Blink (Chrono Boost)  
  80  8:38  Probe x3  
  83  8:48  Immortal  
  83  8:49  Immortal  
  91  8:56  Zealot x3  
  97  9:28  Observer x2  
  99  9:47  Stalker  
  97  10:04  Pylon  
  97  10:06  Pylon  
  89  10:09  Pylon  
  89  10:12  Pylon  
  89  10:14  Stalker x2  
  89  10:15  Stalker x4, Pylon  
  90  10:55  Photon Cannon  
  90  10:57  Photon Cannon  
  90  10:59  Stalker, Photon Cannon  
  90  11:00  Stalker x3  
  90  11:01  Stalker x2  
  91  11:35  Stargate  
  91  11:39  Stargate  
  91  11:53  Probe x3  
  94  11:58  Zealot x3  
  94  11:59  Zealot x3  
  106  12:02  Immortal x2  
  106  12:05  Probe x3  
  117  12:39  Void Ray x2  
  117  12:41  Immortal x2  
  133  12:55  Probe x3  
  136  13:07  Probe x3  
  139  13:19  Probe  
  140  13:30  Probe, Pylon  
  140  13:31  Pylon  
  141  13:34  Pylon  
  141  13:47  Void Ray  
  141  13:48  Probe x3  
  148  13:49  Immortal x2  
  148  13:53  Pylon  
  148  13:54  Pylon  
  156  13:56  Void Ray, Pylon  
  156  14:00  Probe x3  
  163  14:12  Probe  
  164  14:30  Void Ray  
  168  14:39  Void Ray  
  168  15:13  Void Ray  
  172  15:20  Nexus  
  168  15:24  Pylon  
  168  15:26  Probe x3  
  168  15:27  Pylon  
  171  15:29  Assimilator  
  171  15:31  Assimilator  
  171  15:38  Probe x3  
  174  15:50  Probe x2  
  176  16:07  Zealot x3  
  176  16:08  Zealot x3  
  188  16:17  Void Ray x2  
  196  16:20  Immortal  
Show
View Real Time Build Order
Export as new Build Order

Semilian Terran 

Build Orders: Reaper Expand 

Get SALT Encoding   

  12  0:10  Supply Depot  
  12  0:13  SCV  
  13  0:26  SCV  
  14  0:33  Barracks  
  14  0:40  Refinery  
  14  0:43  SCV  
  15  0:56  SCV  
  16  1:09  SCV  
  17  1:29  Barracks Tech Lab  
  17  1:30  Supply Depot  
  17  1:31  SCV  
  18  1:47  Command Center  
  18  1:48  Reaper  
  19  2:05  Bunker  
  19  2:11  SCV, Factory  
  20  2:28  Marine  
  21  2:34  SCV  
  22  2:41  Supply Depot  
  22  2:46  SCV  
  24  2:58  SCV  
  24  3:02  Factory Tech Lab  
  24  3:39  Siege Tank  
  27  3:41  SCV  
  27  3:42  SCV  
  27  3:47  Supply Depot  
  29  3:52  Supply Depot  
  29  3:54  SCV x2  
  31  4:03  Starport  
  31  4:04  Refinery  
  31  4:06  SCV x2  
  33  4:12  Marine  
  34  4:18  SCV  
  36  4:29  Marine  
  36  4:30  SCV, Orbital Command  
  37  4:34  Cyclone  
  40  4:46  SCV  
  40  4:47  Marine  
  40  4:48  Refinery  
  40  4:51  Refinery  
  42  4:58  SCV  
  42  4:59  Factory  
  43  5:10  SCV  
  44  5:22  SCV  
  44  5:28  Supply Depot  
  45  5:34  SCV  
  46  5:46  Cyclone  
  49  6:18  Cyclone  
  52  6:50  Cyclone  
  55  6:58  SCV x2  
  57  7:04  Starport  
  57  7:06  Factory Tech Lab  
  57  7:10  SCV x2, Starport Tech Lab  
  59  7:18  Fusion Core  
  59  7:22  SCV, Cyclone  
  63  7:25  Armory  
  63  7:35  Orbital Command  
  63  7:37  Command Center  
  63  7:51  Cyclone  
  66  8:10  Siege Tank  
  69  8:13  SCV x2  
  71  8:21  Liberator  
  71  8:23  Siege Tank  
  77  8:38  Liberator  
  80  8:42  Supply Depot, Siege Tank  
  83  8:55  Siege Tank  
  86  9:03  Liberator  
  86  9:07  Supply Depot  
  89  9:12  SCV  
  90  9:31  Supply Depot  
  69  10:12  Siege Tank  
  69  10:13  Siege Tank  
  75  10:20  Factory  
  75  10:44  Siege Tank  
  75  10:45  Siege Tank  
  81  11:05  Factory  
  78  11:44  Thor x2  
  90  12:00  SCV x2  
  92  12:12  SCV x2  
  92  12:13  Liberator  
  97  12:24  SCV  
  97  12:27  Thor  
  104  12:39  Thor  
  113  13:10  Thor  
  119  13:29  Terran Vehicle And Ship Armor Level 1  
  119  13:32  Armory  
  119  13:38  Battlecruiser  
  122  13:45  Factory Tech Lab  
  122  13:46  Factory Tech Lab  
  122  13:49  Starport Tech Lab  
  125  13:55  Cyclone x2  
  125  13:59  SCV x2  
  125  14:01  Refinery  
  119  14:02  Orbital Command  
  130  14:04  Refinery  
  130  14:11  SCV x2  
  132  14:51  Orbital Command  
  132  15:21  Engineering Bay  
  132  15:29  Battlecruiser, Cyclone x2  
  132  15:32  Supply Depot  
  144  15:57  Supply Depot  
  144  16:01  Cyclone x2  
  150  16:07  Siege Tank x2  
  156  16:21  Supply Depot  
  156  16:33  Siege Tank x2  
Tags
 
Add a new tag
Caveats
  • Supply blocks, unpowered buildings, or Contaminate may cause inaccurate times.
  • Supply counts are checked every 10 seconds.